 Dungeon Crawl Stone Soup version 0.14-a0-788-g14b720c (webtiles) character file.

244 Malachi the Chucker (level 6, 0/41 HPs)
             Began as a Formicid Hunter on Nov 10, 2013.
             Killed from afar by miro's ghost (4 damage)
             ... with a magic dart
             ... on Level 4 of the Dungeon.
             The game lasted 00:05:01 (3265 turns).

Malachi the Chucker (Formicid Hunter)               Turns: 3265, Time: 00:05:01

HP   0/41        AC 10     Str 19      XL: 6   Next:  0%
MP   5/5         EV  6     Int 10      God:
Gold 86          SH  7     Dex 11      Spells:  0 memorised,  5 levels left

Res.Fire  : . . .   See Invis. : +   a - +0 short sword
Res.Cold  : . . .   Warding    : .   t - +0 orc chain mail
Life Prot.: . . .   Conserve   : .   j - +0 buckler
Res.Poison: x       Res.Corr.  : .   (helmet unavailable)
Res.Elec. : .       Clarity    : .   (no cloak)
Sust.Abil.: . .     Spirit.Shd : .   (no gloves)
Res.Mut.  : .       Stasis     : +   (no boots)
Res.Rott. : .       Flight     : .   (no amulet)
Saprovore : . . .                    (no ring)
                                     (no ring)

@: slightly resistant to hostile enchantments, extremely unstealthy
A: permanent stasis, dig shafts and tunnels, four strong arms, poison weakness,
antennae 3, exoskeleton 1
a: Dig, Shaft Self


You were on level 4 of the Dungeon.
You were not hungry.

You visited 1 branch of the dungeon, and saw 4 of its levels.

You collected 86 gold pieces.

Inventory:

Hand weapons
 a - a +0,+0 short sword (weapon)
 s - a +0,+0 falchion
Missiles
 h - a large rock (quivered)
Armour
 d - a +0 leather armour
 g - a +1 elven ring mail
 j - a +0 buckler (worn)
 t - a +0 orcish chain mail (worn)
Magical devices
 v - a wand of lightning (9) {unknown}
Comestibles
 f - 3 bread rations
 u - a pear
 C - a meat ration
Scrolls
 b - a scroll of recharging {unknown}
 e - 2 scrolls of remove curse {unknown}
 k - a scroll of amnesia {unknown}
 m - a scroll of noise {unknown}
 q - a scroll of fog {unknown}
 r - a scroll of curse weapon {unknown}
 w - 2 scrolls of identify {unknown}
 y - a scroll of blinking {unknown}
Jewellery
 i - an uncursed ring of wizardry {unknown}
Potions
 l - a potion of agility {unknown}
 n - 2 potions of heal wounds {unknown}
 o - 3 potions of curing {unknown}
 p - 2 potions of restore abilities {unknown}
Books
 A - a book of the Sky

   Spells                             Type                      Level
   Flight                             Charms/Air                   3
   Airstrike                          Air                          4
   Silence                            Hexes/Air                    5
   Deflect Missiles                   Charms/Air                   6
   Conjure Ball Lightning             Conjuration/Air              6
   Tornado                            Air                          9


   Skills:
 + Level 2.2 Fighting
 - Level 1.1 Short Blades
 + Level 3.9 Throwing
 + Level 3.2 Armour
 + Level 3.0 Dodging
 - Level 1.2 Stealth
 + Level 0.6 Shields


You had 5 spell levels left.
You didn't know any spells.

Dungeon Overview and Level Annotations

Branches:
Dungeon (4/27)
 Temple: D:4-7

Altars:

Annotations:
D:4 miro's ghost, average HECj


Innate Abilities, Weirdness & Mutations

Your are under a permanent stasis effect.
You can dig through walls and to a lower floor.
Your four strong arms can wield any weapon, most with a shield.
You are susceptible to poison.
You have a pair of large antennae on your head (SInv).
Your body is surrounded by an exoskeleton. (HP +5, AC +1)


Message History

The magic dart hits you!
* * * LOW HITPOINT WARNING * * *
Throwing (i - inventory):
h - a large rock (quivered)
Press: ? - help, Shift-Dir - straight line, f/p - miro's ghost
Aim: miro's ghost (heavily damaged)
You throw a large rock. The large rock misses miro's ghost.
You see here 2 large rocks.
h - 2 large rocks Miro's ghost gestures at you while chanting.
The magic dart hits you!
* * * LOW HITPOINT WARNING * * *
Throwing (i - inventory):
h - 2 large rocks (quivered)
Press: ? - help, Shift-Dir - straight line, f/p - miro's ghost
Aim: miro's ghost (heavily damaged)
You throw a large rock.
The large rock crashes through miro's ghost.
Miro's ghost is severely damaged.
Miro's ghost points at you and mumbles some strange words.
The magic dart hits you!
You die...

. #.. #...
#.... .... .
##.######....
#.<..........
#...@.#####.#
#...(.#####.#
#...p........
#.....#####.#
#..#.## #..#(#
##(.#$#
#....(#
#.....######.#


You could see miro's ghost.

Vanquished Creatures
  Ijyb (D:3)
  5 adders
  A gnoll (D:1)
  3 worms
  An orc (D:3)
  A ball python (D:3)
  3 giant cockroaches
  13 hobgoblins
  A quokka (D:2)
  10 bats
  A giant gecko (D:1)
  A giant newt (D:2)
  8 goblins
  4 jackals (D:3)
  10 kobolds
  3 rats
66 creatures vanquished.

Notes
Turn   | Place    | Note
--------------------------------------------------------------
     0 | D:1      | Malachi, the Formicid Hunter, began the quest for the Orb.
     0 | D:1      | Reached XP level 1. HP: 17/17 MP: 0/0
    78 | D:1      | Reached XP level 2. HP: 1/22 MP: 1/1
   414 | D:1      | Reached XP level 3. HP: 14/26 MP: 2/2
  1434 | D:2      | Reached skill level 1 in Armour
  1628 | D:2      | Reached XP level 4. HP: 20/32 MP: 3/3
  2315 | D:3      | Reached XP level 5. HP: 30/36 MP: 4/4
  2649 | D:3      | Noticed Ijyb
  2653 | D:3      | Killed Ijyb
  3236 | D:4      | Noticed miro's ghost (average HECj)
  3245 | D:4      | Reached XP level 6. HP: 29/41 MP: 5/5
  3265 | D:4      | Killed from afar by miro's ghost

Action                   |  1- 3 |  4- 6 || total
-------------------------+-------+-------++-------
Melee: Short sword       |   100 |   161 ||   261
Throw: Large rock        |    14 |    21 ||    35
       Throwing net      |     2 |     1 ||     3
 Abil: Dig               |       |     2 ||     2
 Stab: Held in net/web   |     1 |       ||     1
       Sleeping          |     1 |       ||     1
